 Dungeon Crawl Stone Soup version 0.21.0 (webtiles) character file.

11854 Jinx the Martial Artist (level 11, -2/90 HPs)
             Began as a Demonspawn Necromancer on May 19, 2018.
             Was a Believer of Makhleb.
             Killed from afar by an electric eel (3 damage)
             ... with a bolt of electricity
             ... on level 3 of the Lair of Beasts.
             The game lasted 00:44:34 (15554 turns).

Jinx the Martial Artist (Demonspawn Necromancer)   Turns: 15554, Time: 00:44:35

Health: -2/90      AC: 12    Str: 12    XL:     11   Next: 54%
Magic:  0/14       EV:  3    Int: 16    God:    Makhleb [**....]
Gold:   841        SH:  2    Dex: 18    Spells: 10/14 levels left

rFire    . . .     SeeInvis .     - Unarmed
rCold    . . .     Gourm    .   (no shield)
rNeg     . . .     Faith    .   i - +0 plate armour
rPois    .         Spirit   +   P - +1 hat
rElec    .         Reflect  +   (no cloak)
rCorr    +         Harm     .   (no gloves)
MR       +....                  E - +0 pair of boots
Stlth    ..........             x - +2 amulet of reflection
HPRegen  0.25/turn              o - ring of protection from magic
MPRegen  0.28/turn              y - ring of resist corrosion

@: slowed, very slow
A: claws 2, thin skeletal structure 2, powered by death 1, magic shield, magic
regeneration
a: Minor Destruction, Renounce Religion


You were on level 3 of the Lair of Beasts.
You worshipped Makhleb.
Makhleb was pleased with you.
You were near starving.

You visited 3 branches of the dungeon, and saw 14 of its levels.

You collected 869 gold pieces.
You spent 28 gold pieces at shops.

Inventory:

Armour
 a - a +0 robe
 i - a +0 plate armour (worn)
 w - a +0 robe of magic resistance
 E - a +0 pair of boots (worn)
 P - a +1 hat (worn)
Magical Staves
 t - an uncursed staff of wizardry
 B - an uncursed staff of conjuration
Jewellery
 o - a ring of protection from magic (left claw)
 u - a +2 ring of intelligence
 x - a +2 amulet of reflection (around neck)
 y - a ring of resist corrosion (right claw)
 S - an uncursed ring of ice {unknown}
Wands
 v - a wand of paralysis (28)
 C - a wand of enslavement (27)
 G - a wand of flame (29)
 H - a wand of acid (3)
 K - a wand of digging (22)
 Q - a wand of scattershot (8)
 U - a wand of polymorph (13)
Scrolls
 d - 19 scrolls of identify
 g - 3 scrolls of remove curse {unknown}
 h - a scroll of enchant weapon {unknown}
 j - 2 scrolls of magic mapping {unknown}
 l - 3 scrolls of fear {unknown}
 r - 3 scrolls of teleportation
 z - a scroll of blinking {unknown}
 A - 2 scrolls of fog {unknown}
 F - 4 scrolls of immolation {unknown}
 N - a scroll of amnesia {unknown}
 O - a scroll of vulnerability {unknown}
 R - a scroll of enchant armour {unknown}
Potions
 e - 2 potions of lignification {unknown}
 f - 2 potions of cancellation {unknown}
 k - a potion of magic {unknown}
 m - 3 potions of might
 n - 4 potions of flight {unknown}
 p - 2 potions of curing
 q - 2 potions of heal wounds {unknown}
 s - 2 potions of ambrosia {unknown}
 D - a potion of haste {unknown}
 I - a potion of resistance {unknown}
 J - a potion of berserk rage {unknown}
 L - a potion of invisibility {unknown}
 T - a potion of agility {unknown}
Books
 b - a book of Necromancy

   Spells                             Type                      Level
   a - Pain                           Necromancy                   1
   b - Animate Skeleton               Necromancy                   1
   c - Vampiric Draining              Necromancy                   3
   d - Regeneration                   Charms/Necromancy            3
   e - Animate Dead                   Necromancy                   4
   f - Borgnjor's Vile Clutch         Necromancy/Earth             5
 M - a book of Beasts

   Spells                             Type                      Level
   a - Summon Butterflies             Summoning                    1
   b - Call Canine Familiar           Summoning                    3
   c - Summon Ice Beast               Ice/Summoning                4
   d - Summon Mana Viper              Hexes/Summoning              5
   e - Summon Hydra                   Summoning                    7
Comestibles
 c - 24 rations


   Skills:
 + Level 10.0 Fighting
 - Level 1.7 Dodging
 - Level 1.7 Stealth
 * Level 12.6 Unarmed Combat
 - Level 2.0 Spellcasting
 + Level 8.5 Necromancy


You had 10 spell levels left.
You knew the following spells:

 Your Spells              Type           Power        Failure   Level  Hunger
a - Pain                  Necr           ####         86%         1    #......
b - Vampiric Draining     Necr           ####......   99%         3    ###....


Dungeon Overview and Level Annotations

Branches:
Dungeon (10/15)            Temple (1/1) D:7            Lair (3/6) D:8
  Swamp (0/4) Lair:3
  Snake: Lair:2-4    Spider: Lair:2-4       Orc: D:9-12

Altars:
Ashenzari
Cheibriados
Dithmenos
Elyvilon
Fedhas
Gozag
Hepliaklqana
Kikubaaqudgha
Makhleb
Nemelex Xobeh
Okawaru
Qazlal
Ru
Sif Muna
Trog
Uskayaw
Vehumet
Wu Jian
Xom
Yredelemnul
Zin
The Shining One

Shops:
D:8 :   D:9 ?(

Annotations:
Lair:3 Sonja


Innate Abilities, Weirdness & Mutations

You have very sharp fingernails.
You have a moderately thin skeletal structure. (Dex +4, Stealth+)
You regenerate a little health from kills.
When hurt, damage is shared between your health and your magic reserves.
You regenerate magic rapidly.


Message History

An electric eel comes into view.
The electric eel shoots out a bolt of lightning at you!
The bolt of electricity hits you!
* * * LOW HITPOINT WARNING * * *
The blink frog blinks!
Found an inky potion.
Found a stone staircase leading up and a staircase to the Swamp. 2 electric eels come into view.
The blink frog hits you but does no damage.
The blink frog blinks!
The electric eel shoots out a bolt of lightning at you!
The bolt of electricity hits the electric eel.
The electric eel completely resists.
The bolt of electricity hits you!
* * * LOW HITPOINT WARNING * * *
The electric eel shoots out a bolt of lightning at you!
The bolt of electricity hits you!
* * * LOW HITPOINT WARNING * * *
The electric eel shoots out a bolt of lightning at you!
The bolt of electricity hits you!
You die...

...............
≈§..............
§≈≈.............
§≈;.............
≈;;.............
≈;F...F.F.......
§!.....§........
........@.......
#.......§.......
#.......F.....<.
..P.....#..S....
.P...........#.#
..P..........P.P
................
....P.....P...##
....PP.........


You could see 4 blink frogs, a water moccasin and 4 electric eels.

Vanquished Creatures
  Gastronok (Lair:1)
  A two-headed ogre (D:10)
  Pikel (D:8)
  Joseph (D:8)
  2 black mambas
  2 spiny frogs
  2 komodo dragons
  3 hippogriffs
  8 yaks
  A wyvern (D:8)
  A basilisk (Lair:2)
  Menkaure (D:5)
  Edmund (D:6)
  5 water moccasins
  3 porcupines
  3 orc warriors
  2 black bears (D:8)
  3 phantoms (D:6)
  2 ice beasts
  7 ogres
  A sky beast (D:9)
  3 centaurs
  2 crocodiles
  Blork the orc (D:5)
  A big kobold (D:9)
  9 bullfrogs
  A scorpion (Lair:1)
  8 killer bees (D:9)
  2 howler monkeys (D:6)
  4 crimson imps
  A bullfrog zombie (D:5)
  2 centaur zombies
  2 hounds
  4 orc priests
  4 jellies
  A centaur skeleton (D:9)
  7 orc wizards
  2 bullfrog skeletons (D:4)
  An iguana (D:7)
  Ijyb (D:4)
  7 worker ants
  A hound skeleton (D:8)
  A worker ant zombie (D:6)
  A howler monkey skeleton (D:7)
  6 adders
  A shadow imp (D:8)
  An adder skeleton (D:8)
  3 worms
  5 dart slugs
  9 leopard geckos
  33 orcs
  3 giant cockroaches
  7 hobgoblins
  10 jackals
  23 kobolds
  2 quokkas
  A ball python (D:2)
  4 bats
  7 frilled lizards
  6 goblins
  A jackal skeleton (D:7)
  3 rats
242 creatures vanquished.

Vanquished Creatures (others)
  An ogre (D:8)
  2 adders
  2 fungi
  A plant (D:3)
6 creatures vanquished.

Grand Total: 248 creatures vanquished

Notes
Turn   | Place    | Note
-------+----------+-------------------------------------------
     0 | D:1      | Jinx the Demonspawn Necromancer began the quest for the Orb.
     0 | D:1      | Reached XP level 1. HP: 13/13 MP: 3/3
   258 | D:1      | Reached skill level 1 in Fighting
   334 | D:1      | Gained mutation: You have sharp fingernails. [demonic ancestry]
   334 | D:1      | Reached XP level 2. HP: 16/21 MP: 0/5
   877 | D:1      | Reached skill level 1 in Unarmed Combat
  1204 | D:2      | Reached XP level 3. HP: 21/26 MP: 6/6
  1742 | D:2      | Reached skill level 2 in Unarmed Combat
  1956 | D:2      | Gained mutation: When hurt, damage is shared between your health and your magic reserves. [demonic ancestry]
  1956 | D:2      | Reached XP level 4. HP: 33/33 MP: 7/7
  1996 | D:2      | Found a glowing golden altar of the Shining One.
  2020 | D:2      | Found a basalt altar of Yredelemnul.
  2126 | D:2      | Noticed an angel
  3242 | D:4      | Found a white marble altar of Elyvilon.
  3272 | D:4      | Reached skill level 3 in Unarmed Combat
  3330 | D:4      | Found a deep blue altar of Sif Muna.
  3353 | D:4      | Gained mutation: You have very sharp fingernails. [demonic ancestry]
  3353 | D:4      | Reached XP level 5. HP: 24/39 MP: 6/8
  3359 | D:4      | Noticed an ogre
  3739 | D:4      | Noticed Ijyb
  3761 | D:4      | Killed Ijyb
  3810 | D:4      | Reached skill level 4 in Unarmed Combat
  3810 | D:4      | Gained mutation: You regenerate a little health from kills. [demonic ancestry]
  3810 | D:4      | Reached XP level 6. HP: 7/47 MP: 1/9
  5323 | D:5      | Entered Level 5 of the Dungeon
  5416 | D:5      | Reached skill level 5 in Unarmed Combat
  5439 | D:5      | Reached XP level 7. HP: 54/54 MP: 10/10
  5470 | D:5      | Noticed Menkaure
  5472 | D:5      | Noticed Blork the orc
  5475 | D:5      | Killed Menkaure
  5476 | D:5      | Killed Blork the orc
  5476 | D:5      | Reached skill level 6 in Unarmed Combat
  6064 | D:5      | Found a snail-covered altar of Cheibriados.
  6164 | D:5      | Found a hide-covered altar of Uskayaw.
  6249 | D:6      | Reached skill level 5 in Fighting
  6350 | D:6      | Reached XP level 8. HP: 49/62 MP: 9/11
  6445 | D:6      | Reached skill level 7 in Unarmed Combat
  6558 | D:6      | Found a radiant altar of Vehumet.
  6558 | D:6      | Found a shattered altar of Ashenzari.
  6565 | D:6      | Found a blossoming altar of Fedhas.
  6567 | D:6      | Found a faded altar of an unknown god.
  6569 | D:6      | Found a faded altar of an unknown god.
  6880 | D:6      | Noticed Edmund
  6893 | D:6      | Killed Edmund
  7270 | D:6      | Reached skill level 8 in Unarmed Combat
  7769 | D:7      | Gained mutation: You regenerate magic rapidly. [demonic ancestry]
  7769 | D:7      | Reached XP level 9. HP: 33/71 MP: 5/12
  7958 | D:7      | Found a staircase to the Ecumenical Temple.
  7965 | Temple   | Entered the Ecumenical Temple
  8036 | Temple   | Became a worshipper of Makhleb the Destroyer
  8734 | D:8      | Found a white marble altar of Elyvilon.
  8734 | D:8      | Found an ornate altar of the Wu Jian Council.
  8758 | D:7      | Reached skill level 9 in Unarmed Combat
  9167 | D:8      | Noticed Joseph
  9186 | D:8      | Killed Joseph
  9419 | D:8      | Found a shimmering altar of Xom.
  9421 | D:8      | Noticed an angel
  9450 | D:8      | Reached * piety under Makhleb
  9453 | D:8      | Found a glowing silver altar of Zin.
  9511 | D:8      | Found Nikhlaxo's Book Boutique.
  9565 | D:8      | Reached skill level 10 in Unarmed Combat
  9677 | D:8      | Found a staircase to the Lair.
  9721 | D:8      | Noticed Pikel
  9734 | D:8      | Killed Pikel
  9734 | D:8      | Reached skill level 5 in Necromancy
 10105 | D:8      | Gained mutation: You have a somewhat thin skeletal structure. (Dex +2, Stealth) [demonic ancestry]
 10105 | D:8      | Reached XP level 10. HP: 77/80 MP: 11/13
 10372 | D:9      | Found Ohiufirph's Magic Scroll Boutique.
 10401 | D:9      | Learned a level 3 spell: Vampiric Draining
 10404 | D:9      | Bought a scroll of identify for 28 gold pieces
 11023 | D:9      | Found Keugywk's Weapon Shop.
 11371 | D:10     | Entered Level 10 of the Dungeon
 11441 | D:10     | Reached skill level 11 in Unarmed Combat
 11451 | D:10     | Reached ** piety under Makhleb
 11944 | D:10     | Noticed a two-headed ogre
 11953 | D:10     | Killed a two-headed ogre
 12106 | Lair:1   | Entered Level 1 of the Lair of Beasts
 12917 | Lair:1   | Noticed a black mamba
 12929 | Lair:1   | Killed a black mamba
 12929 | Lair:1   | Gained mutation: You have a moderately thin skeletal structure. (Dex +4, Stealth+) [demonic ancestry]
 12929 | Lair:1   | Reached XP level 11. HP: 62/89 MP: 10/14
 14458 | Lair:2   | Reached skill level 12 in Unarmed Combat
 14478 | Lair:2   | Noticed Gastronok
 14529 | Lair:1   | Killed Gastronok
 14980 | Lair:2   | Reached skill level 10 in Fighting
 15545 | Lair:3   | Noticed Sonja
 15551 | Lair:3   | Noticed a seven-headed hydra
 15553 | Lair:3   | Noticed a seven-headed hydra
 15553 | Lair:3   | Found a staircase to the Swamp.
 15554 | Lair:3   | HP: 1/90 [electric eel/bolt of electricity (7)]
 15554 | Lair:3   | Killed from afar by an electric eel

Skill      XL: |  1  2  3  4  5  6  7  8  9 10 11 |
---------------+----------------------------------+-----
Fighting       | 1 2 3 4 5 6 8 9 10 | 10.0
Unarmed Combat | 1 2 3 4 5 6 8 10 11 12 | 12.6
Necromancy     | 5 7 8 |  8.5
Dodging        | |  1.7
Stealth        | |  1.7
Spellcasting   | |  2.0

Action                   |  1- 3 |  4- 6 |  7- 9 | 10-12 || total
-------------------------+-------+-------+-------+-------++-------
Melee: Unarmed           |   169 |   255 |   376 |   350 ||  1150
       Punch             |       |     5 |     6 |     9 ||    20
 Cast: Pain              |    33 |       |       |       ||    33
Evoke: Wand              |       |     3 |     2 |     8 ||    13
  Use: Potion            |     1 |     1 |       |     4 ||     6
       Scroll            |       |       |       |     2 ||     2
 Stab: Confused          |       |     3 |       |       ||     3
  Eat: Chunk             |     4 |    11 |    14 |    10 ||    39
       Ration            |       |       |       |     2 ||     2
Armor: Plate armour      |   152 |   186 |   243 |   188 ||   769
Dodge: Dodged            |     8 |    17 |    30 |    57 ||   112
Block: Other             |       |       |       |     1 ||     1
